Map: Kairos Junction LE

Players

Hellraiser - Winner!

  • Race: Protoss Protoss
  • Spawn Location: 5:00

uThermal

  • Race: Terran Terran
  • Spawn Location: 11:00

Event: 2019 WCS Summer

VOD

Have the link to the VOD?

Description

Time

  • Played on: July 12, 2019, 10:10 a.m.
  • Length: 18:28

All games in this series

Show
View Real Time Build Order
Export as new Build Order

Hellraiser Protoss - Winner!

Build Orders: 1 Gate Expand, Zealot Archon, Colossus Rush 

Get SALT Encoding   

  12  0:00  Probe  
  13  0:12  Probe  
  14  0:16  Pylon  
  14  0:22  Probe  
  15  0:30  Probe  
  16  0:36  Gateway  
  16  0:40  Probe  
  16  0:45  Assimilator  
  17  0:52  Probe  
  18  1:04  Probe  
  19  1:18  Nexus  
  19  1:22  Probe  
  20  1:32  Cybernetics Core  
  20  1:34  Probe  
  20  1:39  Assimilator  
  21  1:46  Probe  
  22  1:49  Pylon  
  22  1:58  Probe, Adept  
  23  2:06  Probe  
  23  2:08  Warp Gate  
  25  2:14  Probe  
  27  2:25  Probe  
  27  2:28  Adept  
  29  2:30  Probe  
  30  2:37  Probe  
  30  2:38  Probe  
  32  2:46  Probe  
  32  2:49  Probe  
  34  2:54  Robotics Facility  
  34  2:56  Probe  
  35  3:01  Probe  
  36  3:05  Stalker  
  36  3:08  Probe  
  36  3:10  Gateway  
  39  3:14  Gateway  
  39  3:16  Probe  
  39  3:17  Probe  
  40  3:24  Probe  
  40  3:26  Stalker, Pylon  
  41  3:29  Probe  
  43  3:35  Probe  
  46  3:41  Pylon  
  46  3:44  Observer, Probe  
  46  3:47  Probe  
  49  3:49  Assimilator  
  49  3:51  Robotics Bay  
  49  3:56  Probe  
  49  3:59  Probe  
  51  4:06  Stalker, Assimilator  
  51  4:08  Observer, Probe  
  55  4:10  Pylon  
  55  4:11  Probe  
  55  4:12  Stalker  
  55  4:16  Stalker  
  60  4:20  Probe  
  60  4:21  Pylon  
  60  4:23  Observer, Probe  
  62  4:29  Stalker  
  65  4:32  Probe, Colossus  
  65  4:38  Pylon  
  72  4:56  Probe  
  72  4:57  Probe  
  73  5:08  Extended Thermal Lance  
  73  5:12  Probe  
  73  5:14  Colossus  
  74  5:20  Forge, Twilight Council  
  74  5:24  Nexus  
  80  5:35  Pylon  
  80  5:40  Probe  
  81  5:45  Charge  
  82  5:52  Probe  
  82  5:53  Gateway  
  82  5:54  Protoss Ground Armor Level 1  
  82  5:56  Gateway  
  82  5:59  Gateway  
  82  6:02  Sentry  
  84  6:09  Colossus, Gateway  
  84  6:10  Gateway  
  83  6:22  Probe  
  83  6:23  Probe  
  91  6:32  Pylon  
  91  6:34  Probe  
  91  6:36  Stalker, Sentry, Zealot  
  91  6:38  Probe  
  99  6:44  Probe  
  100  6:49  Pylon  
  100  6:51  Observer  
  100  6:57  Zealot x4  
  108  7:04  Pylon  
  108  7:05  Observer, Templar Archives  
  108  7:07  Zealot x2  
  113  7:18  Zealot x3  
  111  7:30  Probe  
  111  7:37  Probe  
  113  7:42  High Templar x2  
  113  7:43  Zealot x5  
  127  7:45  Pylon  
  127  7:46  Protoss Ground Armor Level 2  
  127  7:47  Archon  
  127  7:52  Zealot, Pylon  
  127  7:54  Observer  
  129  8:04  Stalker, Probe x2  
  133  8:07  Pylon x2  
  133  8:08  Warp Prism  
  133  8:15  Probe  
  133  8:16  Probe  
  137  8:22  Probe  
  137  8:24  Assimilator x2  
  137  8:27  Stalker x3  
  140  8:31  Stalker  
  140  8:32  Stalker  
  148  8:38  Immortal  
  148  8:41  Probe  
  148  8:42  Probe  
  148  8:43  Probe  
  155  8:48  Observer  
  155  8:53  Probe  
  155  8:54  Forge, Pylon  
  156  8:59  Pylon  
  156  9:04  Nexus  
  156  9:07  Blink  
  156  9:13  High Templar x2  
  156  9:15  Pylon  
  160  9:17  Archon  
  160  9:24  Zealot x5  
  170  9:39  Protoss Ground Weapons Level 1  
  164  9:47  Zealot x2  
  164  9:48  Zealot x6  
  164  9:52  Protoss Ground Armor Level 3  
  180  10:05  Probe x2  
  179  10:11  Pylon  
  179  10:12  Pylon  
  179  10:18  Colossus  
  151  10:24  Probe  
  151  10:25  Probe  
  129  10:32  Stalker x6  
  129  10:33  Probe  
  146  10:56  Zealot x5  
  146  10:57  Zealot x3  
  160  10:58  Dark Shrine  
  153  11:08  Probe  
  142  11:13  Immortal  
  132  11:21  High Templar x8  
  132  11:25  Archon x2  
  152  11:26  Archon x2  
  152  11:27  Protoss Ground Weapons Level 2  
  152  11:28  Probe x2  
  152  11:29  Gateway  
  152  11:30  Gateway  
  154  11:39  Nexus  
  154  11:50  Immortal  
  154  12:01  Zealot x4  
  154  12:02  Zealot x4  
  170  12:15  Probe x3  
  161  12:16  Probe  
  143  12:23  Protoss Shields Level 1  
  143  12:24  Zealot x4  
  143  12:25  Stalker x2  
  143  12:27  Probe x3  
  143  12:28  Probe  
  152  12:37  High Templar x4  
  152  12:39  Probe x2  
  152  12:40  Probe  
  152  12:41  Archon x2  
  152  12:43  Probe  
  162  12:45  Zealot  
  162  12:46  Zealot  
  162  12:50  Observer  
  167  12:51  Probe x3  
  167  12:53  Zealot x2  
  174  12:58  Observer  
  174  13:02  Pylon  
  174  13:03  Pylon  
  174  13:09  Observer  
  174  13:10  Zealot x2  
  174  13:11  Zealot x4  
  187  13:17  Probe  
  188  13:23  Zealot x4  
  196  13:34  Immortal  
  200  13:39  Stalker  
  200  13:40  Stalker  
  198  13:41  Stalker  
  183  13:49  Stalker x4  
  183  13:50  Stalker x3  
  183  13:51  Probe  
  183  13:52  Probe  
  174  13:56  Probe x2  
  174  13:59  Protoss Ground Weapons Level 3  
  174  14:01  Probe  
  162  14:03  Protoss Shields Level 2, Probe  
  162  14:04  Probe, Zealot x3  
  162  14:08  Probe  
  162  14:09  Probe  
  170  14:13  Probe  
  170  14:15  Probe  
  170  14:16  Probe  
  172  14:23  Probe x2  
  172  14:25  Probe  
  172  14:27  Probe  
  172  14:28  Probe  
  162  14:32  Probe  
  162  14:35  Probe x2  
  162  14:37  Probe  
  159  14:40  Probe x2  
  159  14:43  Probe  
  162  14:47  Probe  
  162  14:49  Shadow Stride, Probe x2  
  162  14:52  Probe, Pylon  
  167  14:54  Probe  
  167  15:01  Probe  
  167  15:04  Probe  
  167  15:05  Zealot x3  
  167  15:06  Probe  
  175  15:10  Probe  
  175  15:12  High Templar x7  
  188  15:16  Archon x3  
  188  15:22  Pylon  
  188  15:25  Photon Cannon  
  188  15:27  Shield Battery  
  188  15:28  Zealot x3  
  194  15:52  Assimilator  
  194  15:53  Assimilator  
  194  15:56  Gateway x2  
  188  15:57  Probe x2  
  188  15:58  Probe x2  
  188  15:59  Gateway x2  
  188  16:02  Gateway  
  192  16:11  Photon Cannon  
  192  16:12  Photon Cannon  
  192  16:13  Photon Cannon  
  192  16:16  Assimilator  
  192  16:20  Pylon  
  192  16:21  Assimilator  
  192  16:23  Psionic Storm  
  192  16:25  Pylon  
  192  16:28  Photon Cannon  
  192  16:29  Photon Cannon  
  192  16:33  Shield Battery  
  192  16:35  Dark Templar  
  192  16:36  Photon Cannon, Dark Templar  
  196  16:42  High Templar  
  196  16:44  High Templar  
  197  17:03  Zealot  
  199  17:16  Photon Cannon  
  199  17:19  Photon Cannon  
  199  17:20  Photon Cannon  
  197  17:23  Shield Battery, High Templar  
  197  17:24  Shield Battery  
  197  17:27  Zealot x2  
  197  17:29  Pylon  
  198  17:32  Zealot x2  
  198  17:47  Stalker  
  198  17:50  Nexus  
  200  17:54  Nexus  
  199  18:16  Zealot x6  
  199  18:17  Zealot x3  
  178  18:22  Zealot x3  
  178  18:23  Zealot x3  
Show
View Real Time Build Order
Export as new Build Order

uThermal Terran 

Build Orders: Reaper Expand, Mech 

Get SALT Encoding   

  12  0:01  SCV  
  13  0:13  SCV  
  14  0:17  Supply Depot  
  14  0:25  SCV  
  15  0:38  SCV  
  15  0:39  Barracks  
  16  0:43  Refinery  
  16  0:51  SCV  
  17  1:03  SCV  
  18  1:15  SCV  
  19  1:26  Reaper  
  19  1:27  Orbital Command  
  20  1:41  Command Center  
  20  1:53  SCV  
  21  1:59  Barracks Reactor  
  21  2:04  Supply Depot  
  21  2:06  SCV  
  22  2:18  SCV  
  22  2:19  Bunker  
  22  2:21  Factory  
  23  2:28  Refinery  
  23  2:30  SCV  
  23  2:35  Marine x2  
  26  2:42  SCV  
  27  2:53  Marine x2  
  27  2:55  Orbital Command  
  27  2:56  SCV  
  30  3:05  Widow Mine, Starport  
  31  3:10  SCV  
  31  3:11  Marine  
  33  3:15  Marine  
  34  3:21  SCV  
  34  3:22  SCV  
  34  3:26  Widow Mine  
  38  3:31  Marine  
  38  3:33  Marine, SCV  
  41  3:37  Supply Depot  
  41  3:38  SCV  
  42  3:42  Medivac  
  42  3:46  SCV  
  45  3:50  SCV  
  46  3:58  Marine x2  
  46  3:59  Widow Mine  
  46  4:02  Barracks  
  49  4:04  Barracks  
  49  4:09  SCV  
  50  4:11  SCV  
  50  4:15  Supply Depot  
  50  4:16  Marine x2  
  53  4:19  Engineering Bay  
  53  4:21  Factory Tech Lab  
  53  4:23  Starport Tech Lab  
  53  4:25  SCV  
  54  4:33  Refinery  
  54  4:37  Marine x2, SCV  
  54  4:38  SCV  
  58  4:39  Supply Depot  
  58  4:49  SCV  
  58  4:50  Factory Tech Lab, SCV, Starport Reactor  
  61  4:59  Marine x2  
  60  5:01  SCV  
  60  5:05  Marine x2  
  60  5:06  Stimpack  
  60  5:07  Terran Infantry Weapons Level 1  
  61  5:08  SCV  
  61  5:11  Missile Turret  
  61  5:13  Siege Tank  
  65  5:18  Supply Depot  
  65  5:19  SCV  
  65  5:21  Marine  
  67  5:23  Marine  
  67  5:25  Marine  
  67  5:26  Marine  
  68  5:28  SCV  
  68  5:31  Combat Shield, SCV  
  70  5:38  Supply Depot  
  70  5:39  Marine  
  70  5:40  SCV  
  72  5:43  SCV  
  72  5:45  Siege Tank  
  74  5:50  Supply Depot  
  74  5:51  Marine, Refinery  
  74  5:53  SCV  
  74  5:54  Medivac  
  78  5:59  SCV, Medivac  
  78  6:00  Marine x2  
  78  6:01  Marine  
  84  6:05  Supply Depot  
  84  6:09  Marine  
  85  6:15  Command Center  
  85  6:17  Siege Tank  
  88  6:20  SCV x2  
  88  6:24  Medivac  
  92  6:28  Supply Depot  
  92  6:29  Medivac  
  94  6:33  Marine x2  
  94  6:35  Marine x2  
  98  6:43  Barracks  
  98  6:44  Barracks  
  98  6:50  Siege Tank  
  98  6:51  Marine x2  
  98  6:52  Supply Depot  
  103  6:59  SCV x2  
  103  7:00  Marine  
  103  7:01  Terran Infantry Armor Level 1  
  106  7:08  Marine, Factory x2  
  106  7:10  Marine x2  
  106  7:11  SCV  
  110  7:18  Marine  
  110  7:22  Siege Tank  
  114  7:26  Marine  
  114  7:28  Marine x2  
  116  7:34  SCV x2  
  119  7:45  Missile Turret  
  119  7:46  SCV x2, Missile Turret  
  119  7:48  Barracks Reactor x2, Missile Turret  
  119  7:54  Factory Tech Lab x2, Siege Tank, Orbital Command  
  119  7:55  Marine  
  123  7:58  SCV x2  
  123  7:59  Marine  
  123  8:04  Marine  
  126  8:08  Marine  
  126  8:10  SCV  
  127  8:13  Siege Tank, Marine  
  127  8:14  Supply Depot  
  127  8:17  Marine  
  132  8:20  Missile Turret  
  132  8:23  Marine  
  132  8:25  Supply Depot  
  133  8:29  Armory  
  133  8:35  Siege Tank x2, Marine  
  133  8:36  Supply Depot  
  133  8:37  Marine  
  141  8:46  Marine x5  
  141  8:48  Supply Depot  
  146  8:50  Supply Depot  
  146  8:51  Marine  
  146  8:52  Refinery  
  146  8:53  Marine  
  146  8:55  Marine  
  148  9:01  Supply Depot  
  152  9:04  Marine x2  
  152  9:07  Siege Tank  
  152  9:08  Missile Turret  
  152  9:09  Siege Tank x2  
  160  9:10  Marine  
  160  9:11  Marine  
  160  9:13  Marine x2  
  160  9:15  Marine  
  164  9:18  Marine  
  164  9:22  Terran Infantry Weapons Level 2  
  165  9:26  Marine x2  
  165  9:28  Marine x2, Supply Depot  
  167  9:31  Marine  
  167  9:32  Marine  
  169  9:40  Marine  
  169  9:41  Marine  
  169  9:44  Siege Tank  
  169  9:45  Siege Tank  
  174  9:46  Marine x2  
  176  9:54  Marine  
  176  9:55  Siege Tank  
  176  9:56  Marine x2  
  182  10:03  Marine  
  182  10:04  Marine  
  182  10:10  Marine  
  182  10:11  Marine x2  
  182  10:16  Siege Tank  
  182  10:20  Marine  
  152  10:24  Marine  
  152  10:25  Medivac  
  152  10:26  Marine  
  152  10:27  Marine  
  152  10:28  Siege Tank  
  120  10:30  Siege Tank, Marine x3  
  120  10:31  Marine  
  123  10:38  Marine  
  123  10:42  Marine  
  125  10:44  Marine  
  125  10:45  Marine, Medivac  
  125  10:47  Command Center  
  125  10:48  Siege Tank, Marine  
  133  10:51  Marine  
  133  10:54  Marine x2  
  133  10:55  Marine  
  137  10:59  Marine  
  137  11:02  Marine, Medivac  
  137  11:03  Marine  
  138  11:05  Marine  
  138  11:09  Marine  
  138  11:12  Marine  
  138  11:13  Orbital Command, Siege Tank, Marine  
  141  11:19  Marine x2  
  141  11:24  Marine  
  143  11:25  Missile Turret  
  143  11:27  Marine x2  
  143  11:31  Marine  
  146  11:35  Marine  
  146  11:39  Marine  
  148  11:40  SCV  
  148  11:46  SCV  
  150  11:47  Marine  
  150  11:48  Marine x2  
  153  11:57  Siege Tank  
  153  11:58  Supply Depot  
  153  11:59  Marine  
  157  12:01  Marine  
  157  12:02  Marine  
  157  12:03  Marine  
  156  12:08  Siege Tank  
  156  12:15  Siege Tank  
  146  12:18  Marine x2  
  146  12:20  Marine  
  146  12:22  SCV  
  131  12:26  Marine  
  130  12:33  Siege Tank  
  130  12:36  SCV x2  
  128  12:41  Orbital Command  
  128  12:44  SCV  
  128  12:48  Marine x2  
  130  12:57  Siege Tank  
  133  12:58  Marine  
  133  12:59  Marine x2  
  133  13:01  Marine  
  133  13:02  Marine  
  133  13:03  Marine  
  133  13:05  Medivac  
  131  13:07  Marine  
  131  13:11  Siege Tank  
  135  13:15  Siege Tank  
  135  13:19  Marine x2  
  141  13:23  Terran Infantry Armor Level 2  
  141  13:26  Terran Vehicle Weapons Level 1  
  140  13:27  Marine x2  
  140  13:32  Marine  
  143  13:35  Sensor Tower  
  143  13:38  Marine  
  143  13:40  Marine  
  144  13:41  Marauder  
  144  13:43  Marine  
  144  13:48  Marine x2  
  141  13:49  Marine  
  141  13:50  Marine  
  116  13:56  Marine  
  116  13:58  Marine  
  116  14:00  Orbital Command, Marine  
  116  14:02  Marine  
  108  14:05  Marine  
  108  14:08  Marine  
  109  14:19  Siege Tank  
  112  14:26  Orbital Command  
  112  14:30  Marine x3  
  110  14:37  Marine  
  102  14:49  Marine  
  103  14:54  Sensor Tower  
  98  15:04  Siege Tank  
  98  15:05  Marine  
  100  15:11  Marine x3  
  103  15:16  Marine  
  104  15:21  Siege Tank, Marine  
  104  15:25  Siege Tank  
  104  15:27  Marine  
  112  15:32  Marine  
  113  15:36  Siege Tank  
  116  15:49  Marine x2  
  118  15:50  Marine  
  118  15:51  Marine  
  118  15:53  Siege Tank  
  118  15:54  Marine  
  118  15:55  Marine  
  125  15:57  Siege Tank  
  128  16:04  Marine  
  128  16:07  Marine  
  128  16:08  Siege Tank  
  133  16:23  Supply Depot  
  133  16:24  Marine x3  
  139  16:25  Siege Tank  
  139  16:26  Marine x2  
  141  16:39  Supply Depot  
  140  16:40  Supply Depot  
  140  16:41  Marine  
  140  16:45  Siege Tank, Marine x2  
  146  16:50  Siege Tank  
  149  17:01  Siege Tank, Marine x2  
  154  17:07  Marine  
  155  17:09  Medivac x2  
  155  17:15  Marine x2  
  161  17:17  Siege Tank  
  161  17:19  Marine, Supply Depot  
  165  17:37  Marine x4  
  165  17:39  Medivac x2  
  165  17:43  Siege Tank  
  166  17:50  Marine  
  167  17:57  Marine x2  
  167  17:58  Marine  
  171  18:02  Marine  
Tags
 
Add a new tag
Caveats
  • Supply blocks, unpowered buildings, or Contaminate may cause inaccurate times.
  • Supply counts are checked every 10 seconds.